 Dungeon Crawl Stone Soup version 0.31-a0-1591-g515db51633 (webtiles) character file.

Game seed: 3131111417934274903

45 Pooter the Digger (level 3, -4/20 HPs)
             Began as a Gargoyle Earth Elementalist on Jan 7, 2024.
             Slain by a gnoll
             ... wielding a +0 halberd
              (9 damage)
             ... on level 2 of the Dungeon.
             The game lasted 00:11:37 (1051 turns).

Pooter the Digger (Gargoyle Earth Elementalist)     Turns: 1051, Time: 00:11:37

Health: -4/20      AC:  6    Str: 17    XL:     3   Next: 64%
Magic:  0/6        EV: 11    Int: 17    God:
Gold:   61         SH:  0    Dex: 10    Spells: 5/6 levels left

rFire   . . .        b - +0 shortbow
rCold   . . .        (shield currently unavailable)
rNeg    + . .        c - +0 robe
rPois   ∞            (no helmet)
rElec   +            (no cloak)
rCorr   .            (no gloves)
SInv    .            e - +0 pair of boots
Will    .....        (no amulet)
Stlth   ++           i - +6 ring of strength
HPRegen 0.23/turn    (no ring)
MPRegen 0.10/turn

%: no passive effects
@: no status effects
A: sickness immunity, AC +3, negative energy resistance 1, electricity
resistance, torment resistance 1, petrification resistance
a: no special abilities


You were on level 2 of the Dungeon.
You visited 1 branch of the dungeon, and saw 2 of its levels.

You collected 61 gold pieces.

Inventory:

Hand Weapons
 a - a +0 spear
   (You took it off a gnoll on level 2 of the Dungeon)
 b - a +0 shortbow (weapon)
   (You found it on level 2 of the Dungeon)
 j - a +0 dagger
   (You took it off a goblin on level 1 of the Dungeon)
 m - a +0 short sword
   (You took it off a kobold on level 2 of the Dungeon)
Missiles
 l - 5 poisoned darts
 Q - 10 stones
Armour
 c - a +0 robe (worn)
 e - a +0 pair of boots (worn)
   (You found it on level 2 of the Dungeon)
Jewellery
 i - a +6 ring of strength (left hand)
   (You found it on level 2 of the Dungeon)
Wands
 f - a wand of flame (13)
   (You found it on level 2 of the Dungeon)
Scrolls
 d - a scroll of teleportation {unknown}
 g - a scroll of fog {unknown}
 k - a scroll of noise {unknown}
Potions
 h - a potion of magic


   Skills:
 + Level 1.2 Fighting
 - Level 1.5 Dodging
 - Level 2.1 Stealth
 + Level 2.3 Spellcasting
 + Level 1.8 Conjurations
 * Level 4.4 Earth Magic


You had 5 spell levels left.
You knew the following spells:

 Your Spells              Type           Power      Damage    Failure   Level
a - Sandblast             Erth           34%        2d9       3%          1

Your spell library contained the following spells:

 Spells                   Type           Power      Damage    Failure   Level
 Passwall                 Erth           17%        N/A       9%          3
 Stone Arrow              Conj/Erth      24%        3d8       16%         3
 Brom's Barrelling Bould  Conj/Erth      12%        2d4       45%         4
 Petrify                  Alch/Erth      9%         N/A       58%         4


Dungeon Overview and Level Annotations

Branches:
Dungeon (2/15) Zot: 10933

Altars:


Innate Abilities, Weirdness & Mutations

You are immune to sickness and miasma.
Your stone body is resilient. (AC +3)
You are immune to poison.
You resist negative energy. (rN+)
You are resistant to electric shocks. (rElec)
You are resistant to unholy torment.
You are immune to petrification.


Message History

Aiming: Sandblast (safe; 3% risk of failure)
Press: ? - help, Shift-Dir - straight line, f - gnoll
Aim: a gnoll, wielding a +0 halberd (84% to hit)
The blast of sand hits the gnoll!
The gnoll shouts!
The gnoll hits you from afar with a +0 halberd.
Casting: Sandblast (safe; 3% risk of failure)
Confirm with . or Enter, or press ? or * to list all spells.
Aiming: Sandblast (safe; 3% risk of failure)
Press: ? - help, Shift-Dir - straight line, f/p - gnoll
Aim: a gnoll, wielding a +0 halberd (severely wounded, 84% to hit)
The blast of sand hits the gnoll.
The gnoll barely misses you.
The gnoll hits you from afar with a +0 halberd.
The gnoll barely misses you.
Casting: Sandblast (safe; 3% risk of failure)
Confirm with . or Enter, or press ? or * to list all spells.
Aiming: Sandblast (safe; 3% risk of failure)
Press: ? - help, Shift-Dir - straight line, f/p - gnoll
Aim: a gnoll, wielding a +0 halberd (severely wounded, 84% to hit)
The blast of sand hits the gnoll!
You kill the gnoll!
Casting: Sandblast (safe; 3% risk of failure)
Confirm with . or Enter, or press ? or * to list all spells.
Aiming: Sandblast (safe; 3% risk of failure)
Press: ? - help, Shift-Dir - straight line, f - gnoll
Aim: a gnoll, wielding a +0 whip (84% to hit)
The blast of sand hits the gnoll!
* * * LOW MAGIC WARNING * * *
The gnoll hits you but does no damage. The gnoll closely misses you. x2
Casting: Sandblast (safe; 3% risk of failure)
Confirm with . or Enter, or press ? or * to list all spells.
Aiming: Sandblast (safe; 3% risk of failure)
Press: ? - help, Shift-Dir - straight line, f/p - gnoll
Aim: a gnoll, wielding a +0 whip (severely wounded, 84% to hit)
The blast of sand hits the gnoll.
* * * LOW MAGIC WARNING * * *
The gnoll hits you from afar with a +0 halberd.
The gnoll barely misses you.
Casting: Sandblast (safe; 3% risk of failure)
Confirm with . or Enter, or press ? or * to list all spells.
Aiming: Sandblast (safe; 3% risk of failure)
Press: ? - help, Shift-Dir - straight line, f/p - gnoll
Aim: a gnoll, wielding a +0 whip (almost dead, 84% to hit)
The blast of sand misses the gnoll.
* * * LOW MAGIC WARNING * * *
The gnoll barely misses you. The gnoll hits you with a +0 whip.
* * * LOW HITPOINT WARNING * * *
The gnoll barely misses you.
The gnoll hits you from afar with a +0 halberd!
You die...

. ....# ####.#####.# #.
#.#####.# #. #.##....#
##.# #.##.#### ##.!.#
#.##.#### .#.....
#.##.#... ......)
#.##.#.## ##...gg#######
#.##.#...
.......@.....###.##.#.##
####....##.#.........[#
#.##.##.########.### #
#.............#
####.########## #.# ..#
####


You could see 2 gnolls.

Vanquished Creatures
  2 gnolls (D:2)
  An endoplasm (D:2)
  A hobgoblin (D:1)
  4 jackals (D:1)
  4 quokkas (D:1)
  3 ball pythons
  3 frilled lizards
  4 goblins
  A kobold (D:2)
  2 rats (D:1)
25 creatures vanquished.

Notes
Turn   | Place    | Note
-------+----------+-------------------------------------------
     0 | D:1      | Pooter the Gargoyle Earth Elementalist began the quest for
                  | the Orb.
     0 | D:1      | Reached XP level 1. HP: 10/10 MP: 3/3
   275 | D:1      | Reached XP level 2. HP: 16/16 MP: 0/5
   301 | D:1      | Reached skill level 4 in Earth Magic
   642 | D:1      | Reached skill level 1 in Fighting
   933 | D:2      | Reached XP level 3. HP: 20/20 MP: 6/6
  1051 | D:2      | Slain by a gnoll

Illustrated notes

Levels and vault maps discovered:
D:1:      dpeg_arrival_stone_temple_mockup, layout_basic
D:2:      layout_loops_ring

Skill      XL: |  1  2 |
---------------+-------+-----
Earth Magic    | 4 |  4.4
Fighting       | 1 |  1.2
Dodging        | |  1.5
Stealth        | |  2.1
Spellcasting   | |  2.3
Conjurations   | |  1.8

Action                     || total
---------------------------++-------
  Melee: Dagger            ||    32
   Fire: Shortbow          ||     9
  Throw: Stone             ||     3
   Cast: Sandblast         ||    27
 Armour: Robe              ||    31
  Dodge: Dodged            ||    23

Table legend: (Time is in decaauts)
 A = Elapsed time spent in this place.
 B = Non-inter-level travel time spent in this place.
 C = Inter-level travel time spent in this place.
 D = Time resting spent in this place.
 E = Time spent auto-exploring this place.
 F = Levels seen in this place.
 G = Mean time per level.
                   A        B        C        D        E       F      G
               +--------+--------+--------+--------+--------+-----+--------+
         Total |   1065 |   1052 |     13 |    204 |    328 |   2 |  532.5 |
       Dungeon |   1065 |   1052 |     13 |    204 |    328 |   2 |  532.5 |
               +--------+--------+--------+--------+--------+-----+--------+

Top non-repeatable levels by time:
     D:1: 839 daAuts
     D:2: 225 daAuts
